 Dungeon Crawl Stone Soup version 0.29.1-2-gbd0b4ee654 (webtiles) character file.

Game seed: 9211457938567822718

54 sanboga the Cudgeller (level 3, 0/33 HPs)
             Began as a Minotaur Monk on Nov 21, 2022.
             Slain by an adder (3 damage)
             ... on level 3 of the Dungeon.
             The game lasted 00:02:02 (2157 turns).

sanboga the Cudgeller (Minotaur Monk)               Turns: 2157, Time: 00:02:03

Health: 0/33       AC:  3    Str: 17    XL:     3   Next: 66%
Magic:  2/2        EV: 12    Int:  7    God:
Gold:   10         SH:  0    Dex: 12    Spells: 2/2 levels left

rFire   . . .      SeeInvis .   a - +0 mace
rCold   . . .      Faith    .   (no shield)
rNeg    . . .      Spirit   .   b - +0 robe
rPois   .          Reflect  .   (helmet restricted)
rElec   .          Harm     .   (no cloak)
rCorr   .          Rampage  .   i - +0 pair of gloves
Will    .....                   (no boots)
Stlth   ++........              (no amulet)
HPRegen 0.11/turn               (no ring)
MPRegen 0.08/turn               (no ring)

@: lethally poisoned (0 -> -6)
A: horns 2, retaliatory headbutt
a: no special abilities


You were on level 3 of the Dungeon.
You visited 1 branch of the dungeon, and saw 3 of its levels.

You collected 98 gold pieces.
You spent 88 gold pieces at shops.

Inventory:

Hand Weapons
 a - a +0 mace (weapon)
Armour
 b - a +0 robe (worn)
 i - a +0 pair of gloves (worn)
Jewellery
 o - a ring of fire
Scrolls
 d - a scroll of vulnerability {unknown}
 e - 7 scrolls of identify {unknown}
 j - 2 scrolls of blinking {unknown}
 p - a scroll of noise {unknown}
 q - a scroll of magic mapping {unknown}
Potions
 c - a potion of ambrosia
 f - 3 potions of might {unknown}
 g - a potion of curing {unknown}
 h - 2 potions of attraction {unknown}
 k - 2 potions of heal wounds {unknown}
 l - a potion of resistance {unknown}
 m - a potion of lignification {unknown}
 n - a potion of mutation {unknown}


   Skills:
 + Level 4.2 Fighting
 * Level 4.8 Maces & Flails
 + Level 1.8 Armour
 - Level 3.2 Dodging
 - Level 1.5 Stealth


You had 2 spell levels left.
You didn't know any spells.
Your spell library contained the following spells:

 Spells                   Type           Power      Damage    Failure   Level
 Sting                    Tmut/Pois      0%         1d3       43%         1
 Animate Dead             Necr           0%         N/A       99%         4
 Haunt                    Necr/Summ      0%         N/A       100%        7
 Infestation              Necr           0%         N/A       100%        8


Dungeon Overview and Level Annotations

Branches:
Dungeon (3/15)

Altars:

Shops:
D:1 [   D:2 ?

Annotations:
D:3 Grinder


Innate Abilities, Weirdness & Mutations

You have a pair of horns on your head.
You reflexively headbutt those who attack you in melee.


Message History

Grinder shouts!
The rat moves out of view.
Grinder is nearby!
Grinder is nearby!
The adder hisses angrily.
Grinder hits you but does no damage.
You hit Grinder.
Grinder is lightly wounded.
Grinder says, "Just stop there for a second..."
Grinder hits you!
You barely miss Grinder.
Grinder is lightly wounded.
Grinder gestures at you. Pain shoots through your body!
You barely miss Grinder.
Grinder is lightly wounded.
Grinder hits you but does no damage.
You hit Grinder. Your headbutt misses Grinder. Your punch misses Grinder.
Grinder is lightly wounded.
Grinder hits you.
You writhe in agony.
* * * LOW HITPOINT WARNING * * *
The adder closely misses you. Grinder closely misses you.
You hit Grinder. Your headbutt misses Grinder.
Grinder is moderately wounded.
The adder barely misses you. The adder bites you.
* * * LOW HITPOINT WARNING * * *
You are poisoned.
The adder poisons you! Grinder barely misses you. You furiously retaliate!
You headbutt Grinder. You hit Grinder.
Grinder is heavily wounded.
You feel sick. The adder bites you.
* * * LOW HITPOINT WARNING * * *
You are lethally poisoned!
The adder poisons you! Grinder barely misses you.
You closely miss Grinder.
Grinder is heavily wounded.
* * * LOW HITPOINT WARNING * * *
You feel sick. The adder bites you.
You die...

#.##.......†........#.##
~..#.##.###.#######.#...
~~....#.##....#####.####
.~~≈..#.###.#.......#
............############
####...###.#######.....
#...#.###.........####
#.#..S........##### ..
#.#@#######.# ## #.#5#
#.# . #r# #.# #. #.# #.#
. ... #.# .. ... #.. ...
### .....


You could see Grinder, an adder and a rat.

Vanquished Creatures
  2 adders (D:2)
  A worm (D:3)
  4 endoplasms
  3 giant cockroaches
  2 goblins
  2 hobgoblins
  3 jackals (D:2)
  A quokka (D:1)
  2 ball pythons (D:1)
  4 bats (D:1)
  2 frilled lizards
  3 kobolds
  2 rats
31 creatures vanquished.

Vanquished Creatures (others)
  A fungus (D:1)
  4 toadstools (D:1)
5 creatures vanquished.

Grand Total: 36 creatures vanquished

Notes
Turn   | Place    | Note
-------+----------+-------------------------------------------
     0 | D:1      | sanboga the Minotaur Monk began the quest for the Orb.
     0 | D:1      | Reached XP level 1. HP: 19/19 MP: 0/0
   361 | D:1      | Reached XP level 2. HP: 27/27 MP: 1/1
   382 | D:1      | Found a faded altar of an unknown god.
   387 | D:1      | Got Plato's Handbook of Poison
   512 | D:1      | Found Tomivam's Antique Armour Shoppe.
   564 | D:1      | Reached skill level 1 in Armour
   885 | D:2      | Reached XP level 3. HP: 26/33 MP: 2/2
  1315 | D:2      | Found Zuipeh's Magic Scroll Shop.
  1324 | D:2      | Bought a scroll of amnesia for 44 gold pieces
  1709 | D:2      | Bought a scroll of poison for 44 gold pieces
  2147 | D:3      | Noticed Grinder
  2157 | D:3      | Slain by an adder

Illustrated notes

Levels and vault maps discovered:
D:1:      ldierk_walled_garden_2, layout_rooms,
          shapermc_ecumenical_altar_rom_forum, serial_shops, shop
D:2:      layout_rooms, serial_shops, nicolae_shop_hallway_stairs,
          serial_co_window_serial, co_window_paths_b,
          co_window_of_opportunity_a, co_window_paths_a, co_window_paths_a,
          co_window_paths_b, co_window_broadway_c, co_window_corner_cb,
          co_window_corner_cb, co_window_corner_cb, co_window_paths_c,
          co_window_4corner_a, co_window_paths_e, glass_columns_b,
          glass_columns_b
D:3:      layout_basic, chequers_serial_rivers_small_a, uniq_sigmund,
          uniq_grinder

Skill      XL: |  1  2 |
---------------+-------+-----
Maces & Flails | 4 |  4.8
Armour         | 1 |  1.8
Fighting       | 4 |  4.2
Dodging        | |  3.2
Stealth        | |  1.5

Action                   || total
-------------------------++-------
Melee: Mace              ||    70
       Headbutt          ||     8
 Stab: Sleeping          ||     1
Armor: Robe              ||    22
Dodge: Dodged            ||    51
